AoeStats
← wdimateo

Four Lakes

509755408Analyzed
1v1 RM · 4d ago on Sep 27, 2026· 29m 5s· 2 players
Game mode
Random Map
Map size
Tiny (2 player)
Population
200
Speed
Normal
Resources
Standard
Victory
Conquest
Starting age
Dark Age
Ending age
Imperial Age
RankedLock teamsTeams togetherTeam positionsShared explorationLock speedFull tech treeHidden civsTurbo modeCheats
Victory
Defeat
🇨🇱 Mongols · Chile
1254
+15
🇧🇷 Varangians · Brazil
1224
-15
pablothe.o7
3:02 Loom
10:01 Feudal Age
11:36 Double-Bit Axe
18:21 Castle Age
16:48 Scale Barding Armor
17:28 Bloodlines
17:37 Gold Mining
17:52 Horse Collar
18:29 Forging
19:21 Bow Saw
19:40 Husbandry
21:37 Iron Casting
22:40 Chain Barding Armor
24:38 Stone Mining
25:25 Heavy Plow
27:39 Wheelbarrow
wdimateo
11:02 Feudal Age
11:39 Double-Bit Axe
13:05 Horse Collar
19:50 Castle Age
20:03 Forging
19:54 Scale Mail Armor
24:46 Squires
24:49 Pikeman
28:25 Heavy Plow
Connection lost

Rejoining the realm…

Still unreachable

The connection could not be restored.

Session expired

The server has moved on; the page needs a fresh start.